[Event "Titled Tuesday Blitz March 22 Early 2022"]
[White "Daneshvar, Bardiya"]
[Black "Rosen, Eric"]
[WhiteFideId "12576468"]
[BlackFideId "2032562"]
[WhiteElo "2295"]
[BlackElo "2362"]
[Result "1-0"]
[Round "06"]
[TimeControl "180+1"]
[Date "2022.03.22"]
[WhiteClock "0:01:10"]
[BlackClock "0:00:04"]

1. e4 e5 2. Nf3 Nf6 3. d4 Nxe4 4. Bd3 Nc6 5. O-O d5 6. Nxe5 Nxe5 7. dxe5 Nc5 8. Nc3 Nxd3 9. Qxd3 c6 10. f4 Bc5+ 11. Kh1 g6 12. f5 Bxf5 13. Qg3 Qd7 14. Bg5 Be7 15. Ne2 O-O-O 16. Nd4 Be6 17. b4 h6 18. Bxe7 Qxe7 19. Qc3 Kb8 20. a4 Rc8 21. Nb3 Qh4 22. Nd4 Rhe8 23. a5 a6 24. Qc5 Qe7 25. Qb6 Qc7 26. Nb3 Qxb6 27. axb6 Bf5 28. Rae1 Bxc2 29. Nc5 Bf5 30. g4 Be4+ 31. Rxe4 dxe4 32. Rxf7 Ka8 33. Rxb7 Rcd8 34. Ra7+ Kb8 35. Nxa6+ Kc8 36. Rc7# 1-0


[Site "https://www.chess.com"]

[Event "Titled Tuesday Blitz March 22 Early 2022"]
[White "Demchenko, Anton"]
[Black "Perez Gormaz, Matias"]
[WhiteFideId "4160258"]
[BlackFideId "3406342"]
[WhiteElo "2539"]
[BlackElo "2327"]
[Result "1-0"]
[Round "06"]
[TimeControl "180+1"]
[Date "2022.03.22"]
[WhiteClock "0:00:08"]
[BlackClock "0:00:05"]

1. e4 e5 2. Nf3 Nc6 3. Bc4 Nf6 4. d3 h6 5. a4 Bc5 6. c3 a6 7. O-O d6 8. Re1 Ba7 9. b4 O-O 10. h3 Be6 11. Bxe6 fxe6 12. Be3 Bxe3 13. fxe3 d5 14. Nbd2 b5 15. Qb3 Qd6 16. Qa2 Kh7 17. Qc2 Kh8 18. d4 Rfe8 19. exd5 exd5 20. Qf5 e4 21. Nh4 Ne7 22. Qf2 Rf8 23. Nf5 Nxf5 24. Qxf5 Nh7 25. Qg4 Nf6 26. Qh4 Kh7 27. Nf1 Nd7 28. axb5 axb5 29. Rxa8 Rxa8 30. Qg4 Rf8 31. Ng3 Nb6 32. Rf1 Rxf1+ 33. Nxf1 Qg6 34. Qf4 c6 35. Ng3 Nc4 36. Nf5 Qf6 37. g4 Qf7 38. Kh2 Qa7 39. Kg3 Qa1 40. Qf2 Qc1 41. h4 g6 42. Ne7 Qxe3+ 43. Qxe3 Nxe3 44. Nxc6 Nd1 45. Na7 Nxc3 46. Kf4 Kg7 47. Ke3 Kf6 48. Nc6 h5 49. g5+ Kf5 50. Ne7+ Kg4 51. Nxg6 Na2 52. Ne5+ Kf5 53. g6 Kf6 54. Nc6 Kxg6 55. Ne7+ Kh6 56. Nxd5 Kg6 57. Kxe4 Kf7 58. Ke5 Kg6 59. Kd6 Nc1 60. Kc5 Ne2 61. Nc7 Kf5 62. d5 Nc3 63. d6 Ne4+ 64. Kc6 Kg4 65. d7 1-0


[Site "https://www.chess.com"]

[Event "Titled Tuesday Blitz March 22 Early 2022"]
[White "Devaev, Alexander"]
[Black "Sarkar, Justin"]
[WhiteFideId "4169395"]
[BlackFideId "2010011"]
[WhiteElo "2185"]
[BlackElo "2038"]
[Result "1-0"]
[Round "06"]
[TimeControl "180+1"]
[Date "2022.03.22"]
[WhiteClock "0:00:22"]
[BlackClock "0:00:01"]

1. d4 Nf6 2. c4 g6 3. Nc3 d5 4. Nf3 Bg7 5. Bg5 Ne4 6. cxd5 Nxg5 7. Nxg5 e6 8. Nf3 exd5 9. e3 a5 10. Bd3 O-O 11. O-O c6 12. h3 Nd7 13. Rc1 Nb6 14. Re1 Be6 15. Qb3 a4 16. Qc2 a3 17. b3 Re8 18. Nb1 Nc8 19. Rcd1 Nd6 20. Qc1 Qa5 21. Qd2 Qxd2 22. Rxd2 Ne4 23. Rc2 f5 24. Rec1 Bf6 25. Nh2 Be7 26. Nf1 Bb4 27. Nbd2 g5 28. Nf3 h6 29. Ne5 Bd6 30. f3 Nf6 31. Ng3 Bxe5 32. dxe5 Nd7 33. f4 Rf8 34. Ne2 Rf7 35. Nd4 Re8 36. b4 Nf8 37. g3 1-0


[Site "https://www.chess.com"]

[Event "Titled Tuesday Blitz March 22 Early 2022"]
[White "Dinu, Dumitru-Daniel"]
[Black "Cramling Bellon, Anna"]
[WhiteFideId "1208403"]
[BlackFideId "32009232"]
[WhiteElo "2240"]
[BlackElo "1905"]
[Result "1-0"]
[Round "06"]
[TimeControl "180+1"]
[Date "2022.03.22"]
[WhiteClock "0:01:58"]
[BlackClock "0:00:02"]

1. e4 c5 2. Nf3 e6 3. d4 cxd4 4. Nxd4 Nc6 5. Nc3 Bb4 6. Nxc6 bxc6 7. Qd4 Bxc3+ 8. Qxc3 Nf6 9. Bd3 O-O 10. Bg5 h6 11. Bh4 g5 12. Bg3 d5 13. O-O-O Bd7 14. e5 Nh5 15. h4 c5 16. Qxc5 Rc8 17. Qe3 f5 18. exf6 Qxf6 19. hxg5 Qf7 20. g6 1-0


[Site "https://www.chess.com"]

[Event "Titled Tuesday Blitz March 22 Early 2022"]
[White "Dixit, Nikhil"]
[Black "Voit, Daria"]
[WhiteFideId "5059534"]
[BlackFideId "4182146"]
[WhiteElo "2223"]
[BlackElo "2323"]
[Result "1/2-1/2"]
[Round "06"]
[TimeControl "180+1"]
[Date "2022.03.22"]
[WhiteClock "0:00:24"]
[BlackClock "0:00:13"]

1. e4 c6 2. Nc3 d5 3. Qf3 d4 4. Nce2 e5 5. Qg3 f6 6. d3 Be6 7. f4 Nd7 8. Nf3 Qa5+ 9. Bd2 Qb5 10. b3 O-O-O 11. fxe5 fxe5 12. Ng5 Re8 13. a4 Qc5 14. Nxe6 Rxe6 15. Qh3 Rf6 16. Ng3 Qxc2 17. Nh5 Rg6 18. Be2 Nf6 19. Nxf6 Rxf6 20. Bg4 Kc7 21. Bxd7 Rf2 22. Rd1 Rxd2 23. Rxd2 Bb4 24. O-O Qxd2 25. Be6 Rf8 26. Rxf8 Bxf8 27. Qf5 Qe1+ 28. Qf1 Qxf1+ 29. Kxf1 Kd6 30. Bg8 h6 31. Ke2 Kc5 32. Kd1 Kb4 33. Kc2 Ka3 34. Be6 b5 35. axb5 cxb5 36. Bd7 a6 37. Be8 Be7 38. Bd7 Bf6 39. Be8 Bg5 40. Bd7 Bf4 41. h3 Bg3 42. Bc8 a5 43. Bd7 Kb4 44. Be8 Be1 45. Bd7 Bc3 46. Be8 a4 47. bxa4 Kxa4 48. Bd7 Kb4 49. Be8 Be1 50. Bd7 Bh4 51. Be8 Be7 52. Bd7 Ka5 53. Be8 b4 54. Bd7 Kb6 55. Be6 Kc5 56. Bb3 Kd6 57. Kd1 Bd8 58. Ke2 Ke7 59. Kf3 Kf6 60. Kg4 Be7 61. Kf3 Kg5 1/2-1/2


[Site "https://www.chess.com"]

[Event "Titled Tuesday Blitz March 22 Early 2022"]
[White "Donchenko, Alexander"]
[Black "Terry, Renato"]
[WhiteFideId "24603295"]
[BlackFideId "3803457"]
[WhiteElo "2539"]
[BlackElo "2577"]
[Result "1-0"]
[Round "06"]
[TimeControl "180+1"]
[Date "2022.03.22"]
[WhiteClock "0:00:08"]
[BlackClock "0:00:02"]

1. Nf3 Nf6 2. c4 b6 3. g3 Bb7 4. Bg2 g6 5. O-O Bg7 6. d4 e6 7. Qc2 O-O 8. Nc3 d6 9. e4 Nbd7 10. Be3 Ng4 11. Bg5 f6 12. Bd2 e5 13. b4 c6 14. Rad1 Qe7 15. b5 c5 16. dxe5 dxe5 17. Bh3 f5 18. Bg5 Qf7 19. Nd5 Rae8 20. Rfe1 h6 21. Bc1 Bxd5 22. cxd5 fxe4 23. Qxe4 Ndf6 24. Qe2 e4 25. Nh4 h5 26. Bb2 Nxd5 27. Bxg7 Kxg7 28. Rf1 Nc3 29. Qb2 Qf6 30. Bxg4 hxg4 31. Rd7+ Rf7 32. Rxf7+ Kxf7 33. Ng2 Nd5 34. Qb3 Qe6 35. Rd1 Nf6 36. Qa3 Re7 37. Ne3 Rd7 38. Re1 Nh7 39. Ng2 Ng5 40. Nf4 Nf3+ 41. Kh1 Nxe1 42. Nxe6 Rd1 43. Qb3 Ra1 44. Nf4+ Kf8 45. Nxg6+ Ke8 46. Qe6+ Kd8 47. Qf6+ Kc8 48. Qxa1 1-0


[Site "https://www.chess.com"]

[Event "Titled Tuesday Blitz March 22 Early 2022"]
[White "Dushyant Sharma"]
[Black "Myshakov, Fyodor"]
[WhiteFideId "25065130"]
[BlackFideId "14111284"]
[WhiteElo "2105"]
[BlackElo "2310"]
[Result "0-1"]
[Round "06"]
[TimeControl "180+1"]
[Date "2022.03.22"]
[WhiteClock "0:00:03"]
[BlackClock "0:00:59"]

1. e4 c6 2. d4 d5 3. exd5 cxd5 4. Bd3 Nf6 5. c3 Nc6 6. Nf3 Bg4 7. Be3 e6 8. Nbd2 Bd6 9. O-O O-O 10. Qc2 Rc8 11. a3 a6 12. Rae1 b5 13. Bg5 h6 14. Bh4 Bf4 15. Qb1 Qc7 16. h3 Bxf3 17. Nxf3 g5 18. Bg3 Bxg3 19. fxg3 Qxg3 20. Nh2 Nh5 21. Rf3 Qd6 22. h4 Nf4 23. g3 Nh5 24. Kg2 f5 25. Qd1 Rce8 26. Rfe3 Ng7 27. Nf3 f4 28. gxf4 Rxf4 29. hxg5 Rg4+ 30. Kf1 Qg3 31. R1e2 Rf8 32. Rf2 Nh5 33. gxh6 Nf4 34. Bb1 Nh3 35. h7+ Kh8 36. Qd2 Qg1+ 0-1


[Site "https://www.chess.com"]

[Event "Titled Tuesday Blitz March 22 Early 2022"]
[White "Fernandez, Daniel Howard"]
[Black "Paravyan, David"]
[WhiteFideId "5801605"]
[BlackFideId "4194985"]
[WhiteElo "2466"]
[BlackElo "2569"]
[Result "0-1"]
[Round "06"]
[TimeControl "180+1"]
[Date "2022.03.22"]
[WhiteClock "0:00:46"]
[BlackClock "0:00:56"]

1. e4 e5 2. Nf3 Nf6 3. Nc3 Nc6 4. Be2 d5 5. exd5 Nxd5 6. O-O Nxc3 7. bxc3 e4 8. Ne1 Bd6 9. f3 Bf5 10. fxe4 Bxe4 11. Bf3 Bxf3 12. Nxf3 O-O 13. d4 Qf6 14. Qd3 Qg6 15. Rb1 b6 16. Bd2 Rad8 17. Rb5 Qxd3 18. cxd3 Rfe8 19. Kf2 f6 20. a4 Kf7 21. h3 Ke7 22. d5 Ne5 23. Nxe5 Bxe5 24. c4 c6 25. dxc6 Rxd3 26. Be3 Rc8 27. c5 Rxc6 28. cxb6 axb6 29. Re1 Kf7 30. Rxb6 Bg3+ 31. Kf3 Rxb6 0-1


[Site "https://www.chess.com"]

[Event "Titled Tuesday Blitz March 22 Early 2022"]
[White "Fiorito, Fabian"]
[Black "Starozhilov, Leonid"]
[WhiteFideId "100200"]
[BlackFideId "14106752"]
[WhiteElo "2395"]
[BlackElo "2414"]
[Result "1-0"]
[Round "06"]
[TimeControl "180+1"]
[Date "2022.03.22"]
[WhiteClock "0:00:20"]
[BlackClock "0:00:03"]

1. e4 c5 2. Nf3 e6 3. d4 cxd4 4. Nxd4 a6 5. Nc3 Qc7 6. Bd3 Nf6 7. O-O Bc5 8. Nb3 Ba7 9. Re1 d6 10. Qe2 Nc6 11. Be3 Bxe3 12. Qxe3 e5 13. a4 O-O 14. f4 Be6 15. Nd5 Bxd5 16. exd5 exf4 17. Qxf4 Ne5 18. Rad1 Rae8 19. Kh1 Nxd3 20. cxd3 Qb6 21. Nd4 Nxd5 22. Qh4 Ne3 23. Rb1 Re5 24. Nf3 Re6 25. Ng5 Rh6 26. Qf2 Nd5 27. Qf3 Nf6 28. b4 Qd4 29. Re7 Ng4 30. Nh3 Ne5 31. Qxb7 Rf6 32. Qe4 Qxe4 33. dxe4 Rb8 34. b5 axb5 35. axb5 h6 36. b6 Nd3 37. b7 Nc5 38. Rc7 Kh7 39. e5 Re6 40. exd6 Rxb7 41. Rcxb7 Nxb7 42. Rxb7 Rxd6 43. g3 Rd1+ 44. Kg2 f6 45. Nf4 Rd2+ 46. Kh3 Kg8 47. Nh5 g5 48. Nxf6+ Kf8 49. Ng4 Rd6 50. Rh7 Kg8 51. Rxh6 1-0


[Site "https://www.chess.com"]

[Event "Titled Tuesday Blitz March 22 Early 2022"]
[White "Flis, Pawel"]
[Black "Golsta, Madara"]
[WhiteFideId "1112864"]
[BlackFideId "11607386"]
[WhiteElo "1735"]
[BlackElo "1997"]
[Result "0-1"]
[Round "06"]
[TimeControl "180+1"]
[Date "2022.03.22"]
[WhiteClock "0:00:04"]
[BlackClock "0:01:29"]

1. e4 c5 2. d4 cxd4 3. Nf3 Nc6 4. Nxd4 Nf6 5. Nc3 g6 6. Nxc6 bxc6 7. e5 Nd5 8. Nxd5 cxd5 9. Qxd5 Rb8 10. Bc4 e6 11. Qd4 Bg7 12. O-O d5 13. Bb3 O-O 14. f4 Qc7 15. Be3 a5 16. Qc5 Qb7 17. a4 Bd7 18. Qxa5 Rfc8 19. Qa7 Qc6 20. Qd4 Bf8 21. Kh1 Qa6 22. Qa7 Qc6 23. Qd4 Qa6 24. h4 Rb4 25. Qa7 Qc6 26. h5 Ra8 27. Qxa8 Qxa8 28. hxg6 hxg6 29. a5 Qa6 30. Rfd1 Qe2 31. Re1 Qh5+ 32. Kg1 Re4 33. a6 Rxe3 34. Rxe3 Bc5 35. Re1 Qh4 36. Re2 Bb5 37. a7 Bxa7 38. Kf1 Bxe3 0-1


[Site "https://www.chess.com"]

[Event "Titled Tuesday Blitz March 22 Early 2022"]
[White "Gabdrakhmanov, Azat"]
[Black "Omelja, Artem"]
[WhiteFideId "34189197"]
[BlackFideId "14119846"]
[WhiteElo "2279"]
[BlackElo "2382"]
[Result "0-1"]
[Round "06"]
[TimeControl "180+1"]
[Date "2022.03.22"]
[WhiteClock "0:00:21"]
[BlackClock "0:00:13"]

1. e4 c5 2. Nf3 e6 3. d4 cxd4 4. Nxd4 Nf6 5. Nc3 Nc6 6. Ndb5 Bc5 7. Nd6+ Ke7 8. Bf4 e5 9. Nf5+ Kf8 10. Bg5 h6 11. Bh4 g5 12. Bg3 d5 13. exd5 Bxf5 14. dxc6 bxc6 15. Qf3 Qd7 16. Rd1 Qc8 17. Bd3 e4 18. Nxe4 Qe6 19. O-O Bxe4 20. Bxe4 Nxe4 21. Rfe1 f5 22. Rxe4 Qxe4 23. Qc3 Kf7 24. Qxc5 Rhd8 25. Rf1 f4 26. f3 Qd4+ 27. Bf2 Qxc5 28. Bxc5 Rd2 29. Rc1 Re8 30. Bb4 Rde2 31. Kf1 R2e5 32. Bc3 Rb5 33. a4 Rd5 34. a5 Re3 35. Ra1 a6 36. Ra4 Ke6 37. Ra1 Kd7 38. h3 Re6 39. Kf2 Rb5 40. Rh1 Rd5 41. h4 Kd6 42. hxg5 hxg5 43. Rh8 Kc5 44. Ra8 Kb5 45. Rb8+ Kc5 46. Rb6 Rd1 47. Rxa6 Rc1 48. Ra8 Rxc2+ 49. Kf1 Rc1+ 50. Kf2 Rc2+ 51. Kf1 Ree2 52. Rd8 Rf2+ 53. Ke1 Rxg2 54. Kf1 Rcf2+ 55. Ke1 Rxf3 56. a6 Rh3 57. Bd4+ Kb5 58. Kf1 Rc2 59. a7 Rc1+ 60. Kg2 Rg3+ 61. Kf2 Rc2+ 62. Kf1 Rc1+ 63. Ke2 Rg2+ 64. Kd3 Rg3+ 65. Ke4 Re1+ 66. Kf5 Ra1 67. Rb8+ Kc4 68. Be5 Rxa7 69. Rc8 c5 70. Bd6 Ra5 71. Bc7 Rb5 72. Be5 Rgb3 73. Kxg5 f3 74. Rf8 Rxb2 75. Bxb2 Rxb2 76. Rxf3 Re2 77. Kf4 Kb4 78. Re3 Rxe3 79. Kxe3 Kc3 80. Ke2 c4 81. Ke3 Kb2 82. Kd2 c3+ 83. Kd3 c2 84. Kd2 c1=Q+ 85. Kd3 Qc3+ 86. Ke4 Kc2 87. Kd5 Qd3+ 88. Ke6 Kc3 89. Ke5 Qd4+ 90. Ke6 Kc4 91. Kf5 Qd5+ 92. Kg6 Kd4 93. Kf6 Qe5+ 94. Kf7 Ke4 95. Kf8 Kf5 96. Kf7 Qc7+ 97. Ke8 Ke6 98. Kf8 Qf7# 0-1


[Site "https://www.chess.com"]

[Event "Titled Tuesday Blitz March 22 Early 2022"]
[White "Gabrielian, Artur"]
[Black "Saldano Dayer, Horacio"]
[WhiteFideId "4131002"]
[BlackFideId "103411"]
[WhiteElo "2440"]
[BlackElo "2419"]
[Result "1/2-1/2"]
[Round "06"]
[TimeControl "180+1"]
[Date "2022.03.22"]
[WhiteClock "0:00:11"]
[BlackClock "0:00:05"]

1. e4 e6 2. d3 d5 3. Qe2 Be7 4. Nf3 Nf6 5. g3 b5 6. Bg2 b4 7. O-O dxe4 8. Ne5 O-O 9. dxe4 Ba6 10. Nd3 Nbd7 11. Rd1 Ne5 12. Bf4 Nxd3 13. cxd3 c5 14. Qc2 Rc8 15. a3 c4 16. dxc4 Rxc4 17. Qb3 Qc8 18. Nd2 bxa3 19. Nxc4 Bxc4 20. Qc3 axb2 21. Qxb2 Qa8 22. Be3 a6 23. Qd4 Bb5 24. e5 Nd5 25. Bxd5 exd5 26. Qxd5 Bc6 27. Qd3 Bh1 28. Qf1 h5 29. Rxa6 Qf3 30. Ra4 Qc6 31. Rc4 Qa8 32. Rf4 Bf3 33. Ra1 Qd5 34. Qc4 Qb7 35. e6 Ra8 36. exf7+ Kf8 37. Rxa8+ Qxa8 38. Rxf3 Qxf3 39. Bc5 Bxc5 40. Qxc5+ Kxf7 41. Qc7+ Kg6 42. Qd6+ Kh7 43. Qd2 g6 44. Qe1 Qf5 45. Qe3 Kg7 46. Kg2 Kh7 47. Qf3 Qe6 48. Qb7+ Kh6 49. h3 g5 50. Qf3 g4 51. Qf4+ Kg6 52. h4 Qd5+ 53. Kh2 Qc5 54. Qe4+ Kf6 55. Qe3 Qxe3 56. fxe3 Ke5 57. Kg2 Ke4 58. Kf2 Kd3 59. e4 Kxe4 60. Ke2 Kd4 61. Kd2 Ke4 62. Ke2 Kd4 63. Kd2 Ke4 64. Ke2 1/2-1/2


[Site "https://www.chess.com"]

[Event "Titled Tuesday Blitz March 22 Early 2022"]
[White "Garriga Cazorla, Pere"]
[Black "Vusatiuk, Vladimir"]
[WhiteFideId "32011601"]
[BlackFideId "14118610"]
[WhiteElo "2458"]
[BlackElo "2157"]
[Result "1-0"]
[Round "06"]
[TimeControl "180+1"]
[Date "2022.03.22"]
[WhiteClock "0:01:32"]
[BlackClock "0:00:02"]

1. d4 Nf6 2. c4 e6 3. Nc3 Bb4 4. Qc2 O-O 5. Nf3 d5 6. cxd5 exd5 7. Bg5 c6 8. e3 h6 9. Bh4 Be6 10. Bd3 Nbd7 11. O-O Rc8 12. a3 Be7 13. b4 a5 14. Rab1 b5 15. e4 axb4 16. axb4 dxe4 17. Nxe4 Nxe4 18. Bxe7 Qxe7 19. Bxe4 Nf6 20. Bd3 Bd5 21. Rfe1 Qd6 22. Ne5 Rfe8 23. h3 Be6 24. Red1 Nd5 25. Qb2 Ra8 26. Rdc1 Ra4 27. Rxc6 Qxb4 28. Bxb5 Qxb2 29. Rxb2 Rxd4 30. Rd6 Rb8 31. Kh2 Rd2 32. Rxd2 Rxb5 33. Nc6 Rb1 34. R6xd5 Bxd5 35. Ne7+ Kf8 36. Nxd5 1-0


[Site "https://www.chess.com"]

[Event "Titled Tuesday Blitz March 22 Early 2022"]
[White "Garv Gaur"]
[Black "Coto Mederos, Michel"]
[WhiteFideId "45030839"]
[BlackFideId "3508528"]
[WhiteElo "1950"]
[BlackElo "2427"]
[Result "0-1"]
[Round "06"]
[TimeControl "180+1"]
[Date "2022.03.22"]
[WhiteClock "0:01:11"]
[BlackClock "0:01:09"]

1. d4 d5 2. Nf3 Nf6 3. c4 e6 4. g3 Bb4+ 5. Bd2 Be7 6. Bg2 O-O 7. O-O Ne4 8. Bf4 Nd7 9. Nc3 f5 10. cxd5 Nxc3 11. bxc3 exd5 12. Ne5 c6 13. Qb3 Nxe5 14. Bxe5 b6 15. c4 Be6 16. cxd5 Bxd5 17. Bxd5+ Qxd5 18. Qxd5+ cxd5 19. Rfc1 Rfc8 20. a4 Kf7 21. Kf1 Bg5 22. e3 g6 23. Ke2 Ke6 24. Kd3 Be7 25. a5 b5 26. a6 Rc4 27. Rxc4 dxc4+ 28. Kc3 Rc8 29. Ra5 b4+ 30. Kc2 b3+ 31. Kc3 Bb4+ 32. Kxb4 b2 33. d5+ Kxe5 34. d6+ Kxd6 35. Kc3 b1=Q 0-1


[Site "https://www.chess.com"]

[Event "Titled Tuesday Blitz March 22 Early 2022"]
[White "Golubka, Petro"]
[Black "Gubanov, Oleg"]
[WhiteFideId "14114224"]
[BlackFideId "14115115"]
[WhiteElo "2346"]
[BlackElo "2080"]
[Result "0-1"]
[Round "06"]
[TimeControl "180+1"]
[Date "2022.03.22"]
[WhiteClock "0:02:48"]
[BlackClock "0:01:20"]

1. d4 b5 2. c3 Bb7 3. a4 a6 4. Na3 bxa4 5. Nf3 e6 6. e3 Nf6 7. Bd3 Be7 8. O-O O-O 9. Re1 d5 10. Qxa4 c5 11. Ne5 Qc7 12. f4 Nbd7 13. Bd2 c4 14. Be2 Nxe5 15. fxe5 Ne4 16. Qc2 f5 17. exf6 Rxf6 18. Bf3 Rh6 19. h3 Qg3 20. Bxe4 dxe4 21. Nxc4 Rxh3 22. Ne5 Rf8 0-1


[Site "https://www.chess.com"]

[Event "Titled Tuesday Blitz March 22 Early 2022"]
[White "Goriatchkin, Jouri"]
[Black "Grieve, Harry"]
[WhiteFideId "4120183"]
[BlackFideId "426520"]
[WhiteElo "1585"]
[BlackElo "2294"]
[Result "0-1"]
[Round "06"]
[TimeControl "180+1"]
[Date "2022.03.22"]
[WhiteClock "0:00:01"]
[BlackClock "0:00:06"]

1. d4 d5 2. c4 e6 3. Nc3 c6 4. e3 f5 5. Nf3 Nf6 6. Be2 Bd6 7. O-O O-O 8. a3 a5 9. b3 b6 10. Bb2 Nbd7 11. Nb1 Bb7 12. Nbd2 c5 13. Ne5 Rc8 14. Rc1 Qe7 15. Nxd7 Qxd7 16. a4 f4 17. Bf3 Qf7 18. Qe2 Qg6 19. Kh1 fxe3 20. fxe3 Qh6 21. h3 Qh4 22. Qe1 Qg5 23. Rg1 Rce8 24. Nf1 Ne4 25. Rd1 Ng3+ 26. Nxg3 Bxg3 27. Qe2 Bb8 28. Qe1 Rf7 29. Bg4 h5 30. Be2 Ref8 31. Qd2 Qg3 32. Rge1 Qh2# 0-1


[Site "https://www.chess.com"]

[Event "Titled Tuesday Blitz March 22 Early 2022"]
[White "Grandelius, Nils"]
[Black "Akobian, Varuzhan"]
[WhiteFideId "1710400"]
[BlackFideId "13300580"]
[WhiteElo "2617"]
[BlackElo "2634"]
[Result "1-0"]
[Round "06"]
[TimeControl "180+1"]
[Date "2022.03.22"]
[WhiteClock "0:00:12"]
[BlackClock "0:00:02"]

1. Nf3 d5 2. g3 c6 3. Bg2 Bg4 4. h3 Bh5 5. O-O e6 6. c4 Nd7 7. d4 Ngf6 8. cxd5 exd5 9. Ne5 Ne4 10. Bxe4 dxe4 11. Nc3 Nxe5 12. dxe5 Qxd1 13. Rxd1 Bb4 14. Nxe4 Bxe2 15. Rd4 Be7 16. Bg5 Bf3 17. Nd6+ Bxd6 18. exd6 f6 19. Re1+ Kd8 20. Bf4 Bd5 21. a4 g5 22. Be3 Kd7 23. h4 h6 24. Rb4 b6 25. a5 b5 26. Bc5 Rhe8 27. Re7+ Rxe7 28. dxe7 a6 29. Rd4 Rg8 30. Kf1 Ke8 31. Ke1 h5 32. Kd2 g4 33. Rf4 Kf7 34. Kc3 Kg6 35. Rd4 Re8 36. Kb4 Kf7 37. Rd3 f5 38. Re3 Kf6 39. Bd6 Kf7 40. Kc5 Kf6 41. Kb6 f4 42. Bxf4 Kf7 43. Bd6 Bf3 44. Kxa6 c5 45. Bxc5 1-0


[Site "https://www.chess.com"]

[Event "Titled Tuesday Blitz March 22 Early 2022"]
[White "Griffith, Kyron"]
[Black "Lazavik, Denis"]
[WhiteFideId "2046318"]
[BlackFideId "13515110"]
[WhiteElo "2232"]
[BlackElo "2437"]
[Result "0-1"]
[Round "06"]
[TimeControl "180+1"]
[Date "2022.03.22"]
[WhiteClock "0:00:07"]
[BlackClock "0:00:16"]

1. e4 c5 2. Nf3 e6 3. d4 cxd4 4. Nxd4 Nc6 5. Nc3 Qc7 6. Be3 a6 7. a3 b5 8. Nxc6 Qxc6 9. Bd3 Bb7 10. O-O Nf6 11. Re1 Rc8 12. Qf3 d6 13. Qg3 Nd7 14. Bg5 h6 15. Bf4 g6 16. a4 bxa4 17. Nd5 g5 18. Bd2 Bg7 19. h4 Be5 20. Qg4 exd5 21. exd5 Qxd5 22. Rad1 Nf6 23. Qh3 g4 24. Qh1 Kf8 25. h5 g3 26. fxg3 Bd4+ 27. Kf1 Ng4 28. Qh3 Nf2 29. Qd7 Qxg2+ 30. Ke2 Bf3# 0-1


[Site "https://www.chess.com"]

[Event "Titled Tuesday Blitz March 22 Early 2022"]
[White "Grischuk, Alexander"]
[Black "Vogel, Roven"]
[WhiteFideId "4126025"]
[BlackFideId "12908088"]
[WhiteElo "2762"]
[BlackElo "2516"]
[Result "0-1"]
[Round "06"]
[TimeControl "180+1"]
[Date "2022.03.22"]
[WhiteClock "0:00:07"]
[BlackClock "0:00:04"]

1. e4 e5 2. Nf3 Nc6 3. Bb5 a6 4. Ba4 Nf6 5. O-O Be7 6. d3 b5 7. Bb3 d6 8. a4 Bd7 9. Bd2 O-O 10. Re1 Bg4 11. c3 Na5 12. Bc2 c5 13. h3 Bh5 14. Be3 Qc7 15. Nbd2 d5 16. axb5 d4 17. cxd4 cxd4 18. b6 Qxb6 19. Bg5 Bb4 20. Rf1 Nd7 21. g4 Bg6 22. Nh4 h6 23. Nxg6 fxg6 24. Bh4 g5 25. Bg3 Bd6 26. Nf3 Rab8 27. h4 gxh4 28. Nxh4 Nc6 29. Nf5 Rf6 30. g5 hxg5 31. Qh5 Bf8 32. Qxg5 Nd8 33. b4 Qe6 34. Rfb1 Qf7 35. Bb3 Ne6 36. Qh4 Rxb4 37. Bd5 a5 38. Rc1 Ndc5 39. Rxc5 Bxc5 40. Rxa5 Bf8 41. Ra8 Rb1+ 42. Kg2 Rxf5 43. exf5 Nf4+ 44. Qxf4 Qxd5+ 45. Qf3 Rg1+ 46. Kxg1 Qxf3 47. Re8 Qxf5 48. Bxe5 Kf7 49. Bg3 Kxe8 0-1


[Site "https://www.chess.com"]

[Event "Titled Tuesday Blitz March 22 Early 2022"]
[White "Hakobyan, Aram"]
[Black "Timofeev, Artyom"]
[WhiteFideId "13306677"]
[BlackFideId "4140419"]
[WhiteElo "2557"]
[BlackElo "2594"]
[Result "1-0"]
[Round "06"]
[TimeControl "180+1"]
[Date "2022.03.22"]
[WhiteClock "0:00:26"]
[BlackClock "0:00:16"]

1. d4 d5 2. Nf3 Nf6 3. c3 g6 4. Bf4 Bg7 5. e3 O-O 6. Nbd2 b6 7. h4 Bg4 8. Be2 Nbd7 9. Ne5 Bxe2 10. Qxe2 c5 11. g4 h5 12. f3 hxg4 13. fxg4 Nxe5 14. Bxe5 Ne4 15. Bxg7 Kxg7 16. Nxe4 dxe4 17. O-O-O Qd5 18. Kb1 Rad8 19. h5 g5 20. Qf2 cxd4 21. exd4 f5 22. gxf5 Rxf5 23. Qe2 Rdf8 24. Rde1 Rf4 25. Rhg1 Kh6 26. Rg2 Qf5 27. a3 e3+ 28. Qc2 Qxc2+ 29. Rxc2 Re4 30. Rce2 Kxh5 31. Kc2 Rf2 32. Kd3 Rxe2 33. Rxe2 Re6 34. d5 Rd6 35. Ke4 e6 36. c4 exd5+ 37. cxd5 g4 38. Rxe3 Kh4 39. Ke5 Rd8 40. d6 g3 41. Kd5 g2 42. Re1 Kg3 43. Kc6 Kf2 44. Rd1 g1=Q 45. Rxg1 Kxg1 46. Kc7 Rg8 47. d7 Kf2 48. d8=Q Rxd8 49. Kxd8 Ke3 50. Kc7 Kd2 51. Kb7 Kc2 52. b4 Kb3 53. Kxa7 b5 54. Kb6 Ka4 55. Kc5 Kxa3 56. Kxb5 1-0


[Site "https://www.chess.com"]

[Event "Titled Tuesday Blitz March 22 Early 2022"]
[White "Hamitevici, Vladimir"]
[Black "Pesotskiy, Mikhail"]
[WhiteFideId "13902393"]
[BlackFideId "34164453"]
[WhiteElo "2359"]
[BlackElo "2010"]
[Result "1-0"]
[Round "06"]
[TimeControl "180+1"]
[Date "2022.03.22"]
[WhiteClock "0:00:52"]
[BlackClock "0:01:07"]

1. a3 Nf6 2. c4 e6 3. Nf3 c5 4. e3 b6 5. Nc3 Bb7 6. d4 cxd4 7. exd4 d5 8. cxd5 Nxd5 9. Bb5+ Nc6 10. Ne5 Rc8 11. Qa4 Qc7 12. Nxd5 exd5 13. Qxa7 Bd6 14. Bxc6+ Bxc6 15. Qxc7 Rxc7 16. Nxc6 Rxc6 17. Kd1 Kd7 18. Bd2 b5 19. Rc1 Rc4 20. Rxc4 dxc4 21. Re1 Kc6 22. Kc2 Kd5 23. Bb4 Bxb4 24. axb4 Kxd4 25. Re7 Rf8 26. Rd7+ Ke4 27. Rb7 g6 28. Rxb5 Kd4 29. Rb7 h5 30. Rd7+ Ke4 31. Kc3 f5 32. b5 h4 33. Rd4+ Ke5 34. Rxc4 h3 35. gxh3 Rd8 36. b6 Rb8 37. Rb4 1-0


[Site "https://www.chess.com"]

[Event "Titled Tuesday Blitz March 22 Early 2022"]
[White "Dronavalli, Harika"]
[Black "Kulkarni, Rakesh"]
[WhiteFideId "5015197"]
[BlackFideId "5037077"]
[WhiteElo "2382"]
[BlackElo "2246"]
[Result "1/2-1/2"]
[Round "06"]
[TimeControl "180+1"]
[Date "2022.03.22"]
[WhiteClock "0:00:16"]
[BlackClock "0:00:04"]

1. d4 Nf6 2. Nf3 e6 3. Bf4 c5 4. e3 Nc6 5. Nbd2 d5 6. c3 Bd6 7. Bg3 O-O 8. Bd3 Re8 9. O-O e5 10. dxc5 Bxc5 11. e4 Bg4 12. h3 Bh5 13. Qe2 Rc8 14. Bh4 d4 15. Nb3 Bb6 16. Rad1 dxc3 17. bxc3 Qe7 18. Bb5 Red8 19. Rxd8+ Rxd8 20. Bxc6 bxc6 21. Rd1 h6 22. Rxd8+ Qxd8 23. g4 Bg6 24. Nxe5 Qe8 25. Nxg6 fxg6 26. Bxf6 gxf6 27. Kg2 Kg7 28. c4 Qe5 29. Qd3 Qf4 30. Qd7+ Kg8 31. Qe6+ Kg7 32. c5 Bc7 33. Qd7+ Kg8 34. Qxc6 Qh2+ 35. Kf1 Qxh3+ 36. Ke1 Bf4 37. Qe8+ Kg7 38. Qe7+ Kg8 39. Qe6+ Kg7 40. Qe7+ Kg8 41. Qxf6 Qxg4 42. Qd8+ Kg7 43. Qe7+ Kg8 44. Qe8+ Kg7 45. c6 Qg1+ 46. Ke2 Qg4+ 47. Kd3 Qd1+ 48. Kc4 Qc2+ 49. Kd5 Qxa2 50. Qd7+ Kf6 51. Qd8+ Kf7 52. Qd7+ Kf6 53. Qd8+ Kf7 54. Qd7+ Kf6 1/2-1/2


[Site "https://www.chess.com"]